 Dungeon Crawl Stone Soup version 0.30-a0-321-gf7783e6616 (webtiles) character file.

Game seed: 5377911217973852845

44 Ijustatesigmund the Trooper (level 3, -1/24 HPs)
             Began as a Gargoyle Fighter on Oct 27, 2022.
             Constricted to death by Sigmund (3 damage)
             ... on level 2 of the Dungeon.
             The game lasted 00:01:43 (1177 turns).

Ijustatesigmund the Trooper (Gargoyle Fighter)      Turns: 1177, Time: 00:01:43

Health: -1/24      AC: 12    Str: 25    XL:     3   Next: 62%
Magic:  3/3        EV:  4    Int:  7    God:
Gold:   56         SH:  4    Dex:  8    Spells: 2/2 levels left

rFire   x . .      SeeInvis .    a - +0 flail
rCold   . . .      Faith    .    c - +0 buckler
rNeg    + . .      Spirit   .    b - +0 chain mail
rPois   ∞          Reflect  .    (helmet restricted)
rElec   +          Harm     .    (no cloak)
rCorr   .          Rampage  .    (no gloves)
Will    .....                    (no boots)
Stlth   ..........               (no amulet)
HPRegen 0.24/turn                (no ring)
MPRegen 0.08/turn                (no ring)

@: grasped by roots, constricted
A: sickness immunity, AC +3, negative energy resistance 1, electricity
resistance, torment resistance 1, petrification resistance, horns 1, strong 1,
heat vulnerability 1, MP-powered wands
a: no special abilities


You were on level 2 of the Dungeon.
You visited 1 branch of the dungeon, and saw 2 of its levels.

You collected 56 gold pieces.

Inventory:

Hand Weapons
 a - a +0 flail (weapon)
Armour
 b - a +0 chain mail (worn)
 c - a +0 buckler (worn)
Scrolls
 f - a scroll of enchant armour {unknown}
 g - a scroll of acquirement {unknown}
 i - a scroll of poison {unknown}
 k - a scroll of silence {unknown}
 l - a scroll of butterflies {unknown}


   Skills:
 + Level 4.2 Fighting
 + Level 3.0 Maces & Flails
 - Level 3.2 Armour
 - Level 3.2 Shields


You had 2 spell levels left.
You didn't know any spells.
Your spell library was empty.

Dungeon Overview and Level Annotations

Branches:
Dungeon (2/15)

Altars:

Annotations:
D:2 Sigmund


Innate Abilities, Weirdness & Mutations

You are immune to sickness and miasma.
Your stone body is resilient. (AC +3)
You are immune to poison.
You resist negative energy. (rN+)
You are resistant to electric shocks. (rElec)
You are resistant to unholy torment.
You are immune to petrification.
You have a pair of small horns on your head.
Your muscles are strong. (Str +4, Int/Dex -1)
You are vulnerable to heat. (rF-)
You expend magic power (3 MP) to strengthen your wands.


Message History

You barely miss Sigmund. You closely miss Sigmund.
Sigmund hits you but does no damage.
Sigmund says, "Now you see me, now you don't..."
Sigmund hits you with a +0 scythe. Sigmund hits you with a +0 scythe.
It was a potion of mutation.
You feel extremely strange.
You feel vulnerable to heat.
You feel your magical essence link to the dungeon's wands.
You feel stronger. A pair of horns grows on your head!
Sigmund hits you but does no damage.
It was a potion of attraction.
You feel attractive to monsters.
You feel less confused. Sigmund hits you with a +0 scythe!
* * * LOW HITPOINT WARNING * * *
You closely miss Sigmund. You sock Sigmund!
Sigmund is moderately wounded.
Sigmund barely misses you.
You sock Sigmund! Your headbutt misses Sigmund.
Sigmund is severely wounded.
Sigmund gestures at you while chanting. The magic dart hits you.
* * * LOW HITPOINT WARNING * * *
Sigmund points at you and mumbles some strange words.
You resist with significant effort.
It was a potion of cancellation.
Your magical effects are unravelling.
You feel magically purged.
You feel a little less mighty now.
Sigmund zaps a wand.
The roots erupt in riotous growth!
The grasping roots grab you!
Sigmund is unaffected.
The grasping roots constrict you.
* * * LOW HITPOINT WARNING * * *
You feel less attractive to monsters.
You aren't carrying any items that you can evoke.
Unknown command.
You closely miss Sigmund.
Sigmund is severely wounded.
Sigmund hits you but does no damage. The grasping roots constrict you.
You die...

..###.#.###
#....†##.#
...<#.#
#...#.##.#
##### # +
#...#....# . #.
#...###..#
..#.##...####>#
..............#
##.......#.#...
#.......# ....
#....@..# #.#..
#.....@.#
######
#......=.!..#
#.####......#
#. .......# #
#.#####.. ..# .
###


You could see Sigmund.

Vanquished Creatures
  2 adders (D:2)
  2 bats (D:1)
  An endoplasm (D:1)
  A giant cockroach (D:2)
  5 goblins
  2 hobgoblins
  2 jackals (D:1)
  3 quokkas
  2 ball pythons (D:1)
  2 frilled lizards
  2 rats (D:1)
24 creatures vanquished.

Notes
Turn   | Place    | Note
-------+----------+-------------------------------------------
     0 | D:1      | Ijustatesigmund the Gargoyle Fighter began the quest for
                  | the Orb.
     0 | D:1      | Reached XP level 1. HP: 14/14 MP: 1/1
   267 | D:1      | Reached XP level 2. HP: 19/19 MP: 2/2
  1047 | D:2      | Reached skill level 4 in Fighting
  1047 | D:2      | Reached XP level 3. HP: 24/24 MP: 3/3
  1159 | D:2      | Noticed Sigmund
  1171 | D:2      | Gained mutation: You are vulnerable to heat. (rF-) [potion
                  | of mutation]
  1171 | D:2      | Gained mutation: You expend magic power (3 MP) to
                  | strengthen your wands. [potion of mutation]
  1171 | D:2      | Gained mutation: Your muscles are strong. (Str +4, Int/Dex
                  | -1) [potion of mutation]
  1171 | D:2      | Gained mutation: You have a pair of small horns on your
                  | head. [potion of mutation]
  1177 | D:2      | Constricted to death by Sigmund

Illustrated notes

Levels and vault maps discovered:
D:1:      minmay_arrival_widening_spiral_narrow, layout_basic
D:2:      layout_basic, uniq_crazy_yiuf_cottage, uniq_robin, uniq_sigmund

Skill      XL: |  1  2  3 |
---------------+----------+-----
Fighting       | 4 |  4.2
Maces & Flails | 3 |  3.0
Armour         | |  3.2
Shields        | |  3.2

Action                   || total
-------------------------++-------
Melee: Flail             ||   111
  Use: Potion            ||     4
Armor: Scale mail        ||     8
       Chain mail        ||    73
Dodge: Dodged            ||    37
Block: Buckler           ||    23

Table legend: (Time is in decaauts)
 A = Elapsed time spent in this place.
 B = Non-inter-level travel time spent in this place.
 C = Inter-level travel time spent in this place.
 D = Time resting spent in this place.
 E = Time spent auto-exploring this place.
 F = Levels seen in this place.
 G = Mean time per level.
                   A        B        C        D        E       F      G
               +--------+--------+--------+--------+--------+-----+--------+
         Total |   1211 |   1211 |      0 |     20 |    930 |   2 |  605.5 |
       Dungeon |   1211 |   1211 |      0 |     20 |    930 |   2 |  605.5 |
               +--------+--------+--------+--------+--------+-----+--------+

Top non-repeatable levels by time:
     D:1: 1060 daAuts
     D:2: 150 daAuts
